 Dungeon Crawl Stone Soup version 0.28.0 (webtiles) character file.

Game seed: 16434804479324180996

4 Hasart the Insei (level 1, 0/13 HPs)
             Began as an Octopode Transmuter on Feb 11, 2022.
             Slain by a goblin (5 damage)
             ... on level 1 of the Dungeon.
             The game lasted 00:00:13 (111 turns).

Hasart the Insei (Octopode Transmuter)               Turns: 111, Time: 00:00:14

Health: 0/13       AC:  1    Str:  9    XL:     1   Next: 70%
Magic:  2/3        EV: 13    Int: 15    God:
Gold:   11         SH:  0    Dex: 12    Spells: 3/4 levels left

rFire   . . .      SeeInvis .     - Unarmed
rCold   . . .      Faith    .   (no shield)
rNeg    . . .      Spirit   .   (helmet currently unavailable)
rPois   .          Reflect  .   (no amulet)
rElec   .          Harm     .   (no ring)
rCorr   .          Rampage  .   (no ring)
Will    .....                   (no ring)
Stlth   ++........              (no ring)
HPRegen 0.04/turn               (no ring)
MPRegen 0.08/turn               (no ring)
                                (no ring)
                                (no ring)

@: appendages (expiring)
A: tentacle spike 3, almost no armour, amphibious, 8 rings, camouflage 1,
gelatinous body 1, (nimble swimmer 1), tentacles
a: End Transformation


You were on level 1 of the Dungeon.
One of your tentacles had grown a beastly spike.
You visited 1 branch of the dungeon, and saw 1 of its levels.

You collected 11 gold pieces.

You aren't carrying anything.


   Skills:
 + Level 1.1 Fighting
 + Level 2.0 Dodging
 * Level 3.1 Unarmed Combat
 + Level 2.0 Spellcasting
 + Level 2.0 Transmutations


You had 3 spell levels left.
You knew the following spells:

 Your Spells              Type           Power      Damage    Failure   Level
a - Beastly Appendage     Tmut           14%        N/A       10%         1

Your spell library contained the following spells:

 Spells                   Type           Power      Damage    Failure   Level
 Wereblood                Tmut           7%         N/A       14%         2
 Spider Form              Tmut/Pois      4%         N/A       41%         3
 Ice Form                 Ice/Tmut       4%         N/A       82%         4


Dungeon Overview and Level Annotations

Branches:
Dungeon (1/15)

Altars:


Innate Abilities, Weirdness & Mutations

One of your tentacles has grown a beastly spike.
You cannot wear most types of armour.
You are amphibious.
You can wear up to eight rings at the same time.
Your skin changes colour to match your surroundings (Stealth+).
Your rubbery body absorbs attacks. (AC +1, EV +1)
((You are camouflaged when in or above water. (Stealth+)))
You have tentacles for arms and can constrict up to eight enemies at once.


Message History

A kobold comes into view. It is wielding a +0 club.
A ball python comes into view.
The kobold shouts!
The ball python hisses angrily.
A bat comes into view.
The bat moves out of view.
Found 19 sling bullets.
The goblin shouts!
You tentacle-slap the kobold. Your grab misses the kobold.
The kobold is moderately wounded.
A hobgoblin comes into view.
The kobold barely misses you.
A kobold comes into view. It is wielding a +0 dagger.
The kobold shouts!
The hobgoblin shouts!
You tentacle-slap the kobold.
You kill the kobold!
The endoplasm hits you but does no damage.
You tentacle-slap the endoplasm. You squeeze the endoplasm.
You kill the endoplasm!
The ball python closely misses you. The ball python grabs you.
The ball python constricts you.
Unknown command.
You escape the ball python's grasp.
The ball python closely misses you. The ball python grabs you.
The ball python constricts you.
The ball python's grasp on you weakens, but your attempt to escape fails.
The ball python closely misses you. The ball python constricts you.
Casting: Beastly Appendage (safe; 10% risk of failure)
Confirm with . or Enter, or press ? or * to list all spells.
One of your tentacles grows a vicious spike.
The ball python bites you. The ball python constricts you.
You tentacle-slap the ball python. You grab the ball python.
You pierce the ball python.
You kill the ball python!
You closely miss the goblin. Your grab misses the goblin.
The goblin hits you with a +0 club.
You closely miss the goblin. Your grab misses the goblin.
Your tentacle spike misses the goblin.
Your transformation is almost over.
The goblin hits you with a +0 club.
You die...

....(..)....#.#
..#####.# .##
.......K#####..
...###.g...#..
###.#.#.#
#...#.####
###Kg....#
#g#.##.##
#@#.##..##
#.#.###..##
#...# ##..##
##..# ##..###
##.# ##...# ###
###.# #.#
####.# #....##


You could see a hobgoblin, a goblin and a kobold.

Vanquished Creatures
  A ball python (D:1)
  An endoplasm (D:1)
  A hobgoblin (D:1)
  A kobold (D:1)
4 creatures vanquished.

Notes
Turn   | Place    | Note
-------+----------+-------------------------------------------
     0 | D:1      | Hasart the Octopode Transmuter began the quest for the Orb.
     0 | D:1      | Reached XP level 1. HP: 13/13 MP: 3/3
   111 | D:1      | Slain by a goblin

Illustrated notes

Levels and vault maps discovered:
D:1:      tarquinn_simple_flora_water_f, layout_rooms,
          chequers_ecumenical_altar_simple

Action                   || total
-------------------------++-------
Melee: Unarmed           ||     9
       Constrict         ||     2
       Kick              ||     1
       Tentacles         ||     1
 Cast: Beastly Appendage ||     1
Armor: Skin              ||     1
Dodge: Dodged            ||     4
